 Dungeon Crawl Stone Soup version 0.32-a0-921-g04a7ad8e02 (webtiles) character file.

Game seed: 5826679126061232290

183884 Autsider the Thaumaturge (level 17, -5/94 HPs)
             Began as a Spriggan Alchemist on Apr 11, 2024.
             Was an Initiate of Gozag.
             Slain by a phantasmal warrior (31 damage)
             ... on level 3 of the Swamp on Apr 12, 2024.
             The game lasted 02:20:22 (38445 turns).

Autsider the Thaumaturge (Spriggan Alchemist)      Turns: 38445, Time: 02:20:22

Health: -5/94      AC:  6    Str:  4    XL:     17   Next: 76%
Magic:  9/36       EV: 22    Int: 25    God:    Gozag
Gold:   3829       SH:  0    Dex: 15    Spells: 5/45 levels left

rFire   x . .        L - +3 arbalest (freeze)
rCold   + . .        (shield currently unavailable)
rNeg    . . .        g - +1 robe of Hedging {Will+ SInv}
rPois   +            (helmet restricted)
rElec   .            Z - +2 cloak
rCorr   .            (gloves unavailable)
SInv    +            (boots unavailable)
Will    +++..        K - amulet of the acrobat
Stlth   +++          B - ring of poison resistance
HPRegen 0.35/turn    I - ring of ice
MPRegen 0.25/turn

%: acrobat
@: very quick
A: very small, no large weapons, unfitting armour, see invisible, speed 3
a: Renounce Religion, Potion Petition, Call Merchant, Bribe Branch


You were on level 3 of the Swamp.
You worshipped Gozag.
Gozag was most pleased with you.
You visited 5 branches of the dungeon, and saw 26 of its levels.
You also visited: Ice Cave and Volcano.

You collected 9810 gold pieces.
You spent 3210 gold pieces at shops.
You paid 2771 gold pieces to Gozag.

Inventory:

Hand Weapons
 L - a +3 arbalest of freezing (weapon)
Missiles
 j - 12 darts of dispersal
 v - 4 throwing nets
 F - 4 curare-tipped darts
 S - 11 atropa-tipped darts
Armour
 f - a +2 robe of positive energy
 g - the +1 robe of Hedging (worn) {Will+ SInv}
   (You found it on level 1 of the Lair of Beasts)

   Will+:     It increases your willpower.
   SInv:      It lets you see invisible.
 Z - a +2 cloak (worn)
Jewellery
 c - an amulet of reflection
 A - a +6 ring of dexterity
 B - a ring of poison resistance (left hand)
 I - a ring of ice (right hand)
 K - an amulet of the acrobat (around neck)
 N - a +6 ring of dexterity
 O - a ring of fire
 R - a +6 ring of strength
 U - a ring of wizardry
 W - a +5 ring of evasion
 X - a ring of resist corrosion
Wands
 l - a wand of polymorph (23)
 q - a wand of quicksilver (29)
 x - a wand of warping (20)
 E - a wand of digging (2)
 H - a wand of mindburst (56)
Scrolls
 d - 6 scrolls of teleportation {@r2}
 e - a scroll of acquirement
 h - a scroll of brand weapon
 m - 5 scrolls of fog
 r - 4 scrolls of vulnerability
 s - 4 scrolls of revelation
 t - 5 scrolls of immolation
 u - 7 scrolls of amnesia
 y - 3 scrolls of enchant armour
 z - 2 scrolls of butterflies
 G - a scroll of enchant weapon
 P - 4 scrolls of poison
 Q - 4 scrolls of torment
 Y - 4 scrolls of fear
Potions
 b - 2 potions of magic
 i - 3 potions of enlightenment
 k - 3 potions of berserk rage
 n - a potion of lignification
 o - 4 potions of might
 p - 2 potions of cancellation
 w - 6 potions of brilliance
 C - 2 potions of haste
 D - 2 potions of curing
 J - a potion of attraction
 M - a potion of invisibility
 T - 7 potions of heal wounds {@q2}
Miscellaneous
 a - a phial of floods
 V - a box of beasts


   Skills:
 + Level 12.7 Fighting
 + Level 14.5 Ranged Weapons
 - Level 10.0 Dodging
 - Level 6.0 Stealth
 + Level 14.7 Spellcasting
 - Level 0.6 Conjurations
 - Level 9.0 Hexes
 - Level 6.0 Summonings
 + Level 6.3 Necromancy
 - Level 8.0 Translocations
 - Level 4.0 Fire Magic
 - Level 4.0 Earth Magic
 - Level 13.2 Alchemy
 + Level 9.3 Evocations


You had 5 spell levels left.
You knew the following spells:

 Your Spells              Type           Power      Damage    Failure   Level
a - Eringya's Noxious Bo  Alch           35%        4d6       1%          6
b - Olgreb's Toxic Radia  Alch           71%        N/A       1%          4
c - Borgnjor's Vile Clut  Necr/Erth      22%        N/A       10%         5
d - Sticky Flame          Fire/Alch      57%        2d10      1%          4
e - Cause Fear            Hex            29%        N/A       1%          4
w - Yara's Violent Unrav  Hex/Alch       32%        3d13      1%          5
z - Blink                 Tloc           100%       N/A       1%          2
A - Summon Forest         Summ/Tloc      26%        N/A       4%          5
B - Summon Mana Viper     Hex/Summ       54%        N/A       3%          5

Your spell library contained the following spells:

 Spells                   Type           Power      Damage    Failure   Level
 Kiss of Death            Conj/Necr      100%       2d13      1%          1
 Necrotise                Necr           100%       1d9       1%          1
 Sting                    Conj/Alch      100%       1d9       1%          1
 Ensorcelled Hibernation  Hex/Ice        100%       N/A       1%          2
 Jinxbite                 Hex            100%       N/A       1%          2
 Lesser Beckoning         Tloc           100%       N/A       1%          2
 Mercury Vapours          Alch/Air       100%       N/A       1%          2
 Momentum Strike          Conj/Tloc      78%        3d10      1%          2
 Sublimation of Blood     Necr           50%        N/A       1%          2
 Confusing Touch          Hex            59%        N/A       1%          3
 Dazzling Flash           Conj/Hex       84%        N/A       1%          3
 Fugue of the Fallen      Necr           50%        N/A       1%          3
 Inner Flame              Hex/Fire       50%        N/A       1%          3
 Maxwell's Portable Pile  Tloc           55%        2d(10-30) 1%          3
 Mephitic Cloud           Conj/Alch/Air  41%        N/A       1%          3
 Anguish                  Hex/Necr       27%        N/A       1%          4
 Dimensional Bullseye     Hex/Tloc       28%        N/A       1%          4
 Petrify                  Alch/Erth      57%        N/A       1%          4
 Alistair's Intoxication  Alch           47%        N/A       1%          5
 Summon Ice Beast         Ice/Summ       50%        N/A       2%          3
 Dispel Undead            Necr           50%        3d19      2%          4
 Martyr's Knell           Necr/Summ      49%        N/A       2%          4
 Freeze                   Ice            100%       1d10      3%          1
 Summon Blazeheart Golem  Fire/Summ      43%        N/A       3%          4
 Static Discharge         Conj/Air       38%        3-5/arc   4%          2
 Irradiate                Conj/Alch      26%        3d20      4%          5
 Curse of Agony           Necr           50%        N/A       6%          5
 Frozen Ramparts          Ice            54%        1d9       9%          3
 Hailstorm                Conj/Ice       29%        3d8       9%          3
 Summon Lightning Spire   Summ/Air       33%        N/A       9%          4
 Metabolic Englaciation   Hex/Ice        28%        N/A       13%         5
 Silence                  Hex/Air        20%        N/A       13%         5
 Airstrike                Air            9%         2d(2-18)  30%         4
 Fireball                 Conj/Fire      14%        3d8       32%         5
 Arcjolt                  Conj/Air       9%         1d19      58%         5
 Sculpt Simulacrum        Ice/Alch       33%        N/A       30%         6
 Summon Cactus Giant      Summ           24%        N/A       36%         6
 Permafrost Eruption      Ice/Erth       21%        2x4d5     90%         6
 Ignition                 Fire           19%        3d7       100%        8
 Maxwell's Capacitive Co  Air            9%         ∞         100%        8
 Dragon's Call            Summ           24%        N/A       100%        9
 Animate Dead             Necr           Unusable   N/A       N/A         4

Dungeon Overview and Level Annotations

Branches:
Dungeon (15/15)            Temple (1/1) D:7            Lair (5/5) D:10
  Swamp (3/4) Lair:3        Snake (0/4) Lair:3        Slime (0/5) Lair:5
    Orc (2/2) D:10            Elf (0/3) Orc:2        Vaults (0/5) D:13
 Depths (0/4) D:15          IceCv (visited)         Volcano (visited)

Altars:
Ashenzari
Cheibriados
Dithmenos
Elyvilon
Fedhas
Gozag
Hepliaklqana
Kikubaaqudgha
Makhleb
Nemelex Xobeh
Okawaru
Qazlal
Ru
Sif Muna
Trog
Uskayaw
Vehumet
Wu Jian
Xom
Yredelemnul
Zin
The Shining One

Shops:
D:6 (   D:10 =**:   Orc:2 ==(?

Annotations:
D:4 exclusion: downstairs
D:6 exclusions: 2 downstairs and 1 more exclusion
D:7 Menkaure
D:13 exclusion: downstairs
D:14 3 runed translucent doors, exclusion: orange crystal statue
D:15 2 transporters, dunno567's ghost, adept MDBe
Lair:3 exclusion: downstairs
Swamp:2 exclusion: downstairs


Innate Abilities, Weirdness & Mutations

You are very small and have problems with some larger weapons.
You are too small for most types of armour.
You have supernaturally acute eyesight. (SInv)
You cover ground extremely quickly. (Speed+++)


Message History

You destroy the alligator zombie!
Casting: Sticky Flame (mildly dangerous; 1% risk of failure)
Confirm with . or Enter, or press ? or * to list all spells.
You can't see any susceptible monsters within range! (Use Z to cast anyway.)
You start resting.
The sentinel's mark upon you fades away.
You start resting.
A phantasmal warrior comes into view.
The phantasmal warrior gestures at you.
The phantasmal warrior blinks!
The phantasmal warrior gestures at you.
The phantasmal warrior blinks!
Casting: Sticky Flame (mildly dangerous; 1% risk of failure)
Confirm with . or Enter, or press ? or * to list all spells.
Aiming: Sticky Flame (mildly dangerous; 1% risk of failure)
Press: ? - help, Shift-Dir - straight line, f - phantasmal warrior
Aim: a phantasmal warrior (unstickable)
The sticky flame hits the phantasmal warrior!
The phantasmal warrior is moderately damaged.
The phantasmal warrior closely misses you.
Casting: Sticky Flame (mildly dangerous; 1% risk of failure)
Confirm with . or Enter, or press ? or * to list all spells.
Aiming: Sticky Flame (mildly dangerous; 1% risk of failure)
Press: ? - help, Shift-Dir - straight line, f/p - phantasmal warrior
Aim: a phantasmal warrior (steam, moderately damaged, unstickable)
The sticky flame hits the phantasmal warrior!
The phantasmal warrior is heavily damaged.
The phantasmal warrior is engulfed in a cloud of scalding steam.
The phantasmal warrior hits you!!!
* * * LOW HITPOINT WARNING * * *
Casting: Sticky Flame (mildly dangerous; 1% risk of failure)
Confirm with . or Enter, or press ? or * to list all spells.
Aiming: Sticky Flame (mildly dangerous; 1% risk of failure)
Press: ? - help, Shift-Dir - straight line, f/p - phantasmal warrior
Aim: a phantasmal warrior (steam, severely damaged, unstickable)
The sticky flame hits the phantasmal warrior.
The phantasmal warrior is severely damaged.
The phantasmal warrior hits you!!
You die...
Your body crumbles into a pile of gold.

***,,,*#P.P###'$###♣♣...♣♣♣♣~~~♣♣
~**,,,*#P.##~.$...##~♣...♣♣§.~~.§
**,,,,,*,###$....~~##♣~...♣§♣~~~.
**,,,,,**#.~$$..~~~♣#♣~§.♣♣♣~~♣~♣
*,,,,,,.~.$.♣~~$~~~~#~~..♣♣~.§~.§
*~,,,,,.(.....⌠~~~~♣#~~.⌠.♣♣...~♣
*,,,,,,.~....♣~§~.~~♣~~~.♣♣♣♣..§.
**,,,,,♣##..~~~~W.♣~♣~~§~.♣♣♣~~~~
**,,,,,* ###~~~.@§.♣♣§~~~♣♣~~.~~~
~**,,,** #♣~##♣♣♣♣~§~♣~♣§§~~°~~
~**,,,* ****♣#*####§~~~♣♣♣♣.~~.~~
*~**⌠**♣♣~~** #♣~...§~⌠♣♣♣~~~~~§~
**~***#♣~.,~* ♣~~~..~.♣♣♣.<~~~.~.
*~~~**~~.,~*#♣♣~~~~~~♣ ♣♣..~~~~.
****~##~~,,*#~♣####~~## ♣♣...♣~~
♣♣♣♣##~~~*,*#~~##~#~#~# ♣♣.~~~~
♣♣~♣~##.~~#+##~.##'#~#~##**♣♣~..~


You could see a phantasmal warrior.

Vanquished Creatures
  An orc warlord (Orc:2)
  An ironbound preserver (D:13)
  A stone giant (D:15)
  3 eleionomae (Swamp:2)
  A bunyip (Swamp:2)
  Snorg (D:14)
  An ettin (Orc:2)
  A shambling mangrove (Swamp:2)
  A fire dragon (D:14)
  Harold (Lair:2)
  An ice dragon (Swamp:2)
  A catoblepas (Lair:4)
  A caustic shrike simulacrum (IceCv)
  8 hydras
  3 centaur warriors
  Erica (D:9)
  5 ogre magi
  3 boulder beetles
  A deep troll shaman (Lair:5)
  7 ghost crabs
  2 tengu warriors (D:15)
  8 alligators
  13 death yaks
  26 two-headed ogres
  9 spriggans
  2 skysharks (Lair:5)
  Sonja (Orc:2)
  A goliath frog (Swamp:2)
  A large abomination (Swamp:3)
  A swamp dragon (Swamp:2)
  2 spriggan simulacra (IceCv)
  4 spriggan druids
  2 obsidian statues (IceCv)
  6 lindwurms
  8 bog bodies
  2 goliath frog zombies (Swamp:3)
  4 deep elf pyromancers
  2 deep trolls (Orc:2)
  5 cyclopes
  8 ugly things
  3 alligator zombies (Swamp:3)
  3 manticores
  2 oklob plants
  20 elephants
  3 will-o-the-wisps (Swamp:2)
  4 kobold blastminers (Orc:1)
  3 meliai (D:13)
  4 apocalypse crabs (Swamp:2)
  Joseph (D:10)
  A smoke demon (Volcano)
  5 black mambas
  4 torpor snails
  4 gargoyles
  10 cane toads
  A rime drake (Lair:3)
  2 unseen horrors (D:11)
  3 swamp worm zombies (Swamp:3)
  5 komodo dragons
  A freezing wraith (IceCv)
  2 tengu conjurers (D:15)
  6 tyrant leeches
  12 trolls
  A polar bear (shapeshifter) (D:14)
  2 bloated husks
  4 polar bears (Lair:5)
  An alligator simulacrum (IceCv)
  12 hornets
  29 blink frogs
  A nameless horror (Lair:5)
  8 slime creatures
  5 wraiths
  65 yaks
  A centaur simulacrum (D:14)
  3 shadows
  2 wyverns
  6 basilisks
  8 vampire mosquitoes
  3 tyrant leech zombies (Swamp:3)
  A dire elephant simulacrum (IceCv)
  4 steam dragons (Volcano)
  4 wargs
  2 nagas (Lair:3)
  12 swamp worms
  6 hell hounds
  13 water moccasins
  10 orc warriors
  An ice beast (D:5)
  A swamp drake (Swamp:2)
  4 black bears
  An ettin simulacrum (IceCv)
  23 wolves
  6 boggarts (D:15)
  2 centaurs
  24 ogres
  3 kobold brigands
  A deep troll simulacrum (IceCv)
  A gnoll sergeant (D:13)
  11 bullfrogs
  4 scorpions
  2 spriggan zombies (Swamp:3)
  4 wights
  17 killer bees
  7 howler monkeys
  2 electric eels (Lair:3)
  2 gnoll boudas
  4 hounds
  7 orc priests
  7 jellies
  A sleepcap (D:8)
  6 iguanas
  23 orc wizards
  12 gnolls
  4 adders
  A shadow imp (D:6)
  A white imp (D:7)
  3 ribbon worms (D:2)
  3 dart slugs
  60 orcs
  5 bats
  3 endoplasms
  A giant cockroach (D:1)
  3 goblins
  2 hobgoblins
  5 jackals
  4 quokkas
  6 ball pythons
  4 frilled lizards
  22 kobolds
  3 rats
  A butterfly (D:9)
  2 snaplasher vines (Swamp:2)
761 creatures vanquished.

Vanquished Creatures (collateral kills)
  A shambling mangrove (Swamp:3)
  A fire dragon (Volcano)
  2 centaur warriors (D:13)
  A catoblepas (Lair:5)
  3 skeletal warriors (D:14)
  A lindwurm (Lair:3)
  A swamp dragon (Swamp:3)
  A bog body (Swamp:3)
  4 spectral hydras (Swamp:3)
  2 alligator zombies (Swamp:3)
  A necromancer (Swamp:3)
  2 goliath frog zombies (Swamp:3)
  A black mamba (Lair:3)
  3 hornets
  2 spectral swamp dragons (Swamp:3)
  8 yaks
  3 wraiths (Swamp:3)
  A vampire mosquito (D:13)
  A naga (Lair:3)
  A water moccasin (Lair:3)
  A bullfrog (Lair:3)
41 creatures vanquished.

Vanquished Creatures (others)
  A vampire (D:13)
  An orc wizard (D:7)
  6 foxfires (Swamp:2)
  4 snaplasher vines
12 creatures vanquished.

Grand Total: 814 creatures vanquished

Notes
Turn   | Place    | Note
-------+----------+-------------------------------------------
     0 | D:1      | Autsider the Spriggan Alchemist began the quest for the
                  | Orb.
     0 | D:1      | Reached XP level 1. HP: 9/9 MP: 5/5
   579 | D:1      | Reached XP level 2. HP: 14/14 MP: 4/7
   829 | D:1      | Found a faded altar of an unknown god.
  1344 | D:2      | Reached skill level 1 in Fighting
  1658 | D:2      | Reached XP level 3. HP: 18/18 MP: 1/8
  2436 | D:3      | Reached XP level 4. HP: 9/23 MP: 5/10
  2597 | D:3      | Learned a level 4 spell: Olgreb's Toxic Radiance
  2870 | D:3      | Found an ornate altar of the Wu Jian Council.
  3221 | D:4      | Reached XP level 5. HP: 26/26 MP: 7/12
  3278 | D:4      | Reached skill level 5 in Alchemy
  3518 | D:4      | Noticed a black bear
  3533 | D:4      | Killed a black bear
  3534 | D:4      | Reached XP level 6. HP: 32/32 MP: 5/13
  4310 | D:5      | Entered Level 5 of the Dungeon
  4349 | D:5      | Reached XP level 7. HP: 37/37 MP: 9/14
  4506 | D:4      | Learned a level 4 spell: Sticky Flame
  5268 | D:5      | Reached skill level 1 in Fire Magic
  5697 | D:6      | Found Vaddoam's Antique Weapon Boutique.
  5774 | D:6      | Reached XP level 8. HP: 38/42 MP: 7/15
  6283 | D:6      | Noticed a two-headed ogre
  6344 | D:6      | Killed a two-headed ogre
  6408 | D:6      | Learned a level 2 spell: Blink
  6588 | D:6      | Found an iron altar of Okawaru.
  6797 | D:7      | Noticed Menkaure
  6800 | D:7      | Reached skill level 1 in Translocations
  7197 | D:7      | Reached XP level 9. HP: 37/48 MP: 5/16
  7685 | D:7      | Found a staircase to the Ecumenical Temple.
  7696 | Temple   | Entered the Ecumenical Temple
  7721 | Temple   | Became a worshipper of Gozag Ym Sagoz the Greedy
  7756 | D:7      | Found an ancient bone altar of Kikubaaqudgha.
  8200 | D:8      | Reached skill level 5 in Spellcasting
  8217 | D:8      | Reached skill level 5 in Stealth
  8580 | D:8      | Found a blossoming altar of Fedhas.
  9041 | D:9      | Reached skill level 5 in Dodging
  9355 | D:9      | Noticed Erica
  9373 | D:9      | Killed Erica
  9374 | D:9      | Reached XP level 10. HP: 53/53 MP: 15/23
  9638 | D:9      | Found a hide-covered altar of Uskayaw.
  9712 | D:9      | Found a shimmering altar of Xom.
  9791 | D:9      | Noticed a two-headed ogre
  9811 | D:9      | Killed a two-headed ogre
 10016 | D:10     | Entered Level 10 of the Dungeon
 10126 | D:10     | Noticed an oklob plant
 10167 | D:10     | Found a staircase to the Lair.
 10272 | D:10     | Found a staircase to the Orcish Mines.
 10299 | D:10     | Reached skill level 10 in Alchemy
 10418 | D:10     | Noticed a gargoyle
 10472 | D:10     | Killed a gargoyle
 10655 | D:10     | Found a white marble altar of Elyvilon.
 10850 | D:10     | Noticed Joseph
 10877 | D:10     | Killed Joseph
 10878 | D:10     | Reached skill level 10 in Spellcasting
 10878 | D:10     | Reached XP level 11. HP: 41/56 MP: 17/26
 10993 | D:10     | Found a sacrificial altar of Ru.
 11335 | D:10     | Found a bloodstained altar of Trog.
 11335 | D:10     | Found a broken altar of Ashenzari.
 11952 | D:11     | Got the Quarto of Dire Production
 12434 | D:11     | Found an iron altar of Okawaru.
 12672 | D:11     | Noticed a two-headed ogre
 12722 | D:11     | Killed a two-headed ogre
 12723 | D:11     | Reached skill level 10 in Dodging
 12948 | D:12     | Noticed a boulder beetle
 12972 | D:12     | Killed a boulder beetle
 13051 | D:12     | Noticed a boulder beetle
 13221 | D:12     | Killed a boulder beetle
 13361 | D:12     | Noticed a two-headed ogre
 13387 | D:12     | Killed a two-headed ogre
 13559 | D:12     | Reached skill level 5 in Ranged Weapons
 14025 | D:12     | Reached skill level 1 in Evocations
 14178 | D:12     | Noticed a deep elf pyromancer
 14197 | D:12     | Killed a deep elf pyromancer
 14461 | D:13     | Noticed a two-headed ogre
 14471 | D:13     | Killed a two-headed ogre
 14472 | D:13     | Reached skill level 5 in Evocations
 14507 | D:13     | Reached XP level 12. HP: 49/61 MP: 22/27
 14608 | D:13     | Noticed a centaur warrior
 14885 | D:13     | Noticed a four-headed hydra
 14890 | D:13     | Killed a four-headed hydra
 14907 | D:13     | Noticed a boulder beetle
 14909 | D:13     | Noticed a centaur warrior
 14910 | D:13     | Found a gate to the Vaults.
 14910 | D:13     | Noticed an ironbound preserver
 14920 | D:13     | Noticed a centaur warrior
 15109 | Lair:1   | Entered Level 1 of the Lair of Beasts
 15143 | Lair:1   | Reached skill level 1 in Summonings
 15434 | Lair:1   | Identified the +1 robe of Hedging {Will+ SInv}
 15464 | Lair:1   | Reached skill level 5 in Translocations
 16439 | Lair:1   | You fall into a shaft and drop 1 floor!
 17101 | Lair:2   | Noticed Harold
 17113 | Lair:2   | Killed Harold
 17318 | Lair:2   | Reached XP level 13. HP: 70/70 MP: 23/28
 18223 | Lair:3   | Reached skill level 10 in Fighting
 18231 | Lair:2   | Learned a level 5 spell: Summon Forest
 18292 | Lair:3   | Reached skill level 1 in Hexes
 18611 | Lair:3   | Found a staircase to the Swamp.
 18859 | Lair:3   | Reached skill level 5 in Summonings
 18951 | Lair:3   | Found a staircase to the Snake Pit.
 19047 | Lair:3   | Found a dark tunnel.
 19085 | Volcano  | Entered a volcano
 19409 | Volcano  | Reached skill level 5 in Hexes
 19766 | Volcano  | Noticed a fire dragon
 19778 | Volcano  | Learned a level 5 spell: Summon Mana Viper
 19802 | Volcano  | Killed a fire dragon
 21523 | Lair:3   | Reached XP level 14. HP: 77/77 MP: 9/31
 22530 | Lair:4   | Learned a level 4 spell: Cause Fear
 23081 | Lair:4   | Reached XP level 15. HP: 80/80 MP: 32/32
 23128 | Lair:5   | Entered Level 5 of the Lair of Beasts
 24814 | Lair:5   | Found a staircase to the Slime Pits.
 25483 | D:10     | Bought 2 potions of heal wounds for 120 gold pieces
 25483 | D:10     | Bought a box of beasts for 480 gold pieces
 25491 | D:10     | Bought a phial of floods for 640 gold pieces
 25493 | D:10     | Bought Great Wizards, Vol. II for 760 gold pieces
 25500 | D:10     | Learned a level 6 spell: Eringya's Noxious Bog
 25786 | D:13     | Reached skill level 1 in Earth Magic
 25788 | D:13     | Reached skill level 1 in Necromancy
 26080 | D:14     | Noticed Snorg
 26393 | D:14     | Found a large runed translucent door.
 26454 | D:14     | Found a large runed translucent door.
 26487 | D:14     | Killed Snorg
 26488 | D:14     | Reached XP level 16. HP: 87/87 MP: 17/33
 26667 | D:14     | Found the +8 lance "Wyrmbane" {slay drac, rPois rF+ rC+
                  | AC+3}
 27180 | D:14     | Found a runed translucent door.
 27300 | D:14     | You fall into a shaft and drop 1 floor!
 27300 | D:15     | Entered Level 15 of the Dungeon
 27634 | D:15     | Found a staircase to the Depths.
 27998 | D:15     | Found a transporter.
 28000 | D:15     | Found a transporter.
 28001 | D:15     | Noticed dunno567's ghost (adept MDBe)
 28942 | D:14     | Found a shimmering altar of Xom.
 29019 | D:14     | Learned a level 5 spell: Borgnjor's Vile Clutch
 29144 | Orc:1    | Entered Level 1 of the Orcish Mines
 30105 | Orc:2    | Entered Level 2 of the Orcish Mines
 30505 | Orc:2    | Noticed Sonja
 30510 | Orc:2    | Killed Sonja
 30843 | Orc:2    | Found a radiant altar of Vehumet.
 30898 | Orc:2    | Found a staircase to the Elven Halls.
 30899 | Orc:2    | Found Kobinero's Jewellery Shop.
 30905 | Orc:2    | Found Odeodoast's Magic Scroll Boutique.
 30910 | Orc:2    | Found Ymeosyq's Jewellery Shoppe.
 30923 | Orc:2    | Found Oconid's Weapon Shop.
 31132 | Orc:2    | Bought a scroll of enchant armour for 105 gold pieces
 31132 | Orc:2    | Bought a scroll of enchant weapon for 105 gold pieces
 31220 | D:10     | Bought Sif Muna's Annotations on Doomed Crysopoeia for 1000
                  | gold pieces
 31227 | D:10     | Learned a level 5 spell: Yara's Violent Unravelling
 31336 | Swamp:1  | Entered Level 1 of the Swamp
 32640 | Swamp:2  | Reached XP level 17. HP: 51/93 MP: 22/35
 33553 | Swamp:2  | Found a runed translucent door.
 33993 | Swamp:2  | Reached skill level 5 in Necromancy
 35156 | Swamp:2  | Paralysed by an apocalypse crab for 1 turns
 35606 | Swamp:2  | Identified the +1 morningstar "Roem" {elec, Str+6 Int+6
                  | Dex-4}
 35905 | Swamp:3  | Found a glacial archway.
 36244 | IceCv    | Entered an ice cave
 36859 | IceCv    | Identified a scroll of acquirement
 36910 | IceCv    | Noticed an Ice Fiend
 36911 | IceCv    | Noticed an Ice Fiend
 38445 | Swamp:3  | Slain by a phantasmal warrior

Illustrated notes

Levels and vault maps discovered:
D:1:      shiori_arrival_oz, layout_basic,
          shapermc_ecumenical_altar_mp_vishouse, chequers_decorated_corner
D:2:      layout_loops_cross, nicolae_concentric_dashed_squares_wild
D:3:      cheibrodos_old_hovel, layout_loops_ring,
          pdpol_wu_jian_five_deadly_venoms
D:4:      layout_basic, solitary_fountain
D:5:      layout_loops_corners, mainiacjoe_overflow_catwalk
D:6:      layout_basic, kennysheep_mini, serial_shops, shop,
          corexii_item_surrounded_by_moat
D:7:      nicolae_whirlpool, layout_basic, overflow_temple_1_default,
          minmay_temple_entry_drinking_statues, minmay_misc_feat_square,
          nicolae_concentric_dashed_squares_mild, uniq_menkaure
D:8:      layout_rooms, fedhas_bush_and_centaur_altar
D:9:      layout_basic, xom_butterflies, lemuel_tele_altar, grunt_ministairs_15,
          uniq_erica
D:10:     layout_layer_cave, mainiacjoe_overflow_six_doors_small,
          gammafunk_temple_overflow_pools, nicolae_ru_the_path_less_chosen,
          dpeg_oklobed_lair, orc_0_dummy, uniq_joseph
D:11:     layout_loops_ring, hellmonk_okawaru_the_only_friend_you_need
D:12:     layout_rooms, minivault_10
D:13:     layout_loops_ring, skrybe_vaults_entry_preservation
D:14:     due_chaos_kobolds, layout_rooms, nicolae_twisting_strands,
          nicolae_danse_macabre, uniq_snorg
D:15:     grunt_enter_depths_giant_problem, layout_loops_ring,
          nzn_ghost_randoct, minivault_11
Temple:   nicolae_temple_bog_church
Lair:1:   layout_regular_city, beast_lair_carwin_4, serial_bayou_shore_a,
          grunt_megastairs_3
Lair:2:   layout_concentric_octagons, beast_lair_carwin_8, uniq_harold
Lair:3:   cheibrodos_lair_overgrown_chateau, layout_hall_layers,
          minmay_swamp_entry_swarm, guppyfry_snake_entry_garden,
          enter_volcano_3, serial_bayou_crossing
Lair:4:   beast_lair_carwin_large_2, layout_regular_city
Lair:5:   grunt_lair_end_beastmaster, layout_cave_pods,
          nicolae_slime_entry_field_trip, infiniplex_staircase_pool
Swamp:1:  layout_falls_marsh, evilmike_swamp_ruin_house_3
Swamp:2:  gammafunk_mikee_crab_dinner, layout_falls_marsh, serial_swamp_ruin,
          evilmike_swamp_ruin_house_2, evilmike_swamp_ruin_house_6
Swamp:3:  cheibrodos_swamp_mausoleum, layout_falls_marsh,
          portal_ice_cave_entry_dragon, evilmike_swamp_ruin_house_5,
          infiniplex_staircase_pool_2
Orc:1:    layout_caves, mines3_lemuel
Orc:2:    st_orc_open, layout_diamond_mine, basic_altar, nicolae_orc_tapped_out,
          uniq_sonja

Skill      XL: |  1  2  3  4  5  6  7  8  9 10 11 12 13 14 15 16 17 |
---------------+----------------------------------------------------+-----
Spellcasting   | 3 4 8 10 12 13 14 | 14.7
Fighting       | 1 2 3 4 6 9 10 11 12 | 12.7
Alchemy        | 4 5 6 7 8 9 10 12 13 | 13.2
Fire Magic     | 2 3 4 |  4.0
Dodging        | 3 6 9 10 | 10.0
Translocations | 1 4 8 |  8.0
Stealth        | 6 |  6.0
Ranged Weapons | 6 7 11 12 13 14 | 14.5
Evocations     | 6 9 |  9.3
Summonings     | 4 6 |  6.0
Hexes          | 6 9 |  9.0
Earth Magic    | 2 4 |  4.0
Necromancy     | 2 4 6 |  6.3
Conjurations   | |  0.6

Action                     |  1- 3 |  4- 6 |  7- 9 | 10-12 | 13-15 | 16-18 || total
---------------------------+-------+-------+-------+-------+-------+-------++-------
  Melee: Arbalest          |       |       |       |       |       |     3 ||     3
   Fire: Sling             |     5 |    40 |    44 |       |       |       ||    89
         Arbalest          |       |       |    56 |   265 |   439 |   553 ||  1313
   Cast: Sting             |    74 |    46 |    51 |       |       |       ||   171
         Olgreb's Toxic Ra |       |    12 |    52 |    82 |   114 |    77 ||   337
         Sticky Flame      |       |       |     3 |    57 |    62 |    92 ||   214
         Summon Forest     |       |       |       |       |     7 |     9 ||    16
         Summon Mana Viper |       |       |       |       |     1 |     7 ||     8
         Eringya's Noxious |       |       |       |       |     7 |    37 ||    44
         Cause Fear        |       |       |       |       |     1 |     2 ||     3
         Borgnjor's Vile C |       |       |       |       |       |    36 ||    36
         Yara's Violent Un |       |       |       |       |       |    12 ||    12
 Invoke: Call Merchant     |       |       |       |     1 |     2 |     1 ||     4
  Evoke: Wand              |       |       |       |       |       |     1 ||     1
    Use: Scroll            |     3 |     2 |       |    16 |    10 |     6 ||    37
         Potion            |       |       |       |       |     3 |     4 ||     7
 Armour: Robe              |     7 |     8 |    46 |    49 |    91 |   209 ||   410
  Dodge: Dodged            |    22 |    15 |    64 |   120 |   319 |   416 ||   956

Table legend: (Time is in decaauts)
 A = Elapsed time spent in this place.
 B = Non-inter-level travel time spent in this place.
 C = Inter-level travel time spent in this place.
 D = Time resting spent in this place.
 E = Time spent auto-exploring this place.
 F = Levels seen in this place.
 G = Mean time per level.
                   A        B        C        D        E       F      G
               +--------+--------+--------+--------+--------+-----+--------+
         Total |  31382 |  30174 |   1208 |   4298 |  19630 |  28 | 1120.8 |
       Dungeon |  14813 |  14199 |    614 |   1348 |  10127 |  15 |  987.5 |
        Temple |     33 |      9 |     24 |      0 |      0 |   1 |   33.0 |
          Lair |   8175 |   7800 |    375 |    929 |   5267 |   5 | 1635.0 |
         Swamp |   5324 |   5231 |     93 |   1473 |   2536 |   3 | 1774.7 |
  Orcish Mines |   1660 |   1560 |    100 |     11 |   1229 |   2 |  830.0 |
      Ice Cave |    655 |    655 |      0 |    344 |    141 |   1 |  655.0 |
       Volcano |    720 |    720 |      0 |    192 |    327 |   1 |  720.0 |
               +--------+--------+--------+--------+--------+-----+--------+

Top non-repeatable levels by time:
 Swamp:2: 3221 daAuts
  Lair:3: 2659 daAuts
  Lair:5: 1785 daAuts
 Swamp:3: 1703 daAuts
    D:10: 1485 daAuts
  Lair:1: 1457 daAuts
    D:12: 1438 daAuts
     D:6: 1315 daAuts
    D:15: 1259 daAuts
  Lair:2: 1153 daAuts
    D:14: 1151 daAuts
  Lair:4: 1120 daAuts
     D:4: 1098 daAuts
    D:11: 918 daAuts
     D:5: 883 daAuts
